 Dungeon Crawl Stone Soup version 0.25-a0-251-g572059c536 (webtiles) character file.

Game seed: 14252909186609413234, levelgen mode: deterministic

445 MisterFreud the Ducker (level 6, -7/30 HPs)
             Began as a Felid Artificer on Dec 4, 2019.
             Killed themself with a badly aimed fireball (12 damage)
             ... on level 4 of the Dungeon.
             The game lasted 00:14:25 (6951 turns).

MisterFreud the Ducker (Felid Artificer)            Turns: 6951, Time: 00:14:25

Health: -7/30      AC:  2    Str:  8    XL:     6   Next: 72%
Magic:  9/9        EV: 20    Int: 14    God:
Gold:   183        SH:  0    Dex: 17    Spells: 5/5 levels left
                                        Lives:  0   Deaths: 1

rFire    . . .     SeeInvis +     - Unarmed
rCold    . . .     Gourm    .   (shield unavailable)
rNeg     . . .     Faith    .   (armour unavailable)
rPois    .         Spirit   .   (helmet unavailable)
rElec    .         Reflect  .   (cloak unavailable)
rCorr    .         Harm     .   (gloves unavailable)
MR       .....                  (boots unavailable)
Stlth    +++.......             (no amulet)
HPRegen  0.10/turn              (no ring)
MPRegen  0.11/turn              (no ring)

@: quick
A: very small, no armour, no weapons or thrown items, stealth, claws 1, fangs 3,
see invisible, carnivore, speed 1, shaggy fur 2, slow metabolism 1, sharp paws
a: no special abilities


You were on level 4 of the Dungeon.
You were very full.

You visited 1 branch of the dungeon, and saw 4 of its levels.

You collected 183 gold pieces.

Inventory:

Wands
 b - a wand of enslavement (12)
 c - a wand of random effects (4)
Scrolls
 a - a scroll of identify
 j - a scroll of fog {unknown}
 l - 3 scrolls of remove curse
Potions
 e - 2 potions of heal wounds
 f - a potion of invisibility
 g - a potion of ambrosia
 h - 4 potions of haste
 i - a potion of curing
 k - 2 potions of agility {unknown}
 m - a potion of flight {unknown}
 o - a potion of magic {unknown}
Comestibles
 d - 8 rations


   Skills:
 + Level 4.9 Fighting
 + Level 5.0 Dodging
 + Level 4.2 Stealth
 + Level 3.7 Unarmed Combat
 - Level 3.2 Evocations


You had 5 spell levels left.
You didn't know any spells.
Your spell library was empty.

Dungeon Overview and Level Annotations

Branches:
Dungeon (4/15)
 Temple: D:4-7

Altars:
Ashenzari
Wu Jian


Innate Abilities, Weirdness & Mutations

You cannot wear armour.
You are incapable of wielding weapons or throwing items.
Your paws allow you to move quietly. (Stealth)
You have sharp claws.
You have razor-sharp teeth.
You have supernaturally acute eyesight. (SInv)
You are carnivorous and can eat meat at any time.
You cover ground quickly.
You are covered in thick fur. (AC +2)
You have a slow metabolism.
Your sharp claws are effective at attacking unaware monsters.


Message History

You closely miss the hound.
The hound is heavily wounded.
The hound bites you.
* * * LOW HITPOINT WARNING * * *
You barely miss the hound.
The hound is heavily wounded.
The hound closely misses you.
You scratch the hound but do no damage. You bite the hound.
The hound is severely wounded.
The hound completely misses you. The hound bites you.
* * * LOW HITPOINT WARNING * * *
Evoke which item? (* to show all) (? for menu, Esc to quit)
Aiming: Random Effects
Press: ? - help, Shift-Dir - straight line, f - hound
Aim: a hound (severely wounded)
The fireball explodes!
The fireball engulfs the hound!
You kill the hound!
Your Dodging skill increases to level 5!
The fireball engulfs you!
You die...

#### ..# #######.####
.>......[..... .###.##
#......##########. ......#
#.......@.........
..##..###......###........
#.##..#.....#### #........
#.##..#.....# #........
#.##..#.....# #........
#.##..†.....######........
#.....#.....#.............
#'##..#.(....(............
......#.#...........##..(.


There were no monsters in sight!

Vanquished Creatures
  An orc warrior (D:3)
  2 orc priests (D:3)
  A hound (D:4)
  Jessica (D:3)
  An orc wizard (D:3)
  3 worker ants
  Natasha (thrice) (D:3)
  2 gnolls (D:3)
  5 adders
  5 worms
  3 leopard geckos
  13 orcs
  6 giant cockroaches
  2 goblins (D:3)
  13 hobgoblins
  6 jackals
  8 kobolds
  A ball python (D:3)
  11 bats
  7 frilled lizards
  A leopard gecko zombie (D:4)
  7 rats
102 creatures vanquished.

Vanquished Creatures (collateral kills)
  A jackal (D:1)
1 creature vanquished.

Vanquished Creatures (others)
  An orc wizard (D:3)
1 creature vanquished.

Grand Total: 104 creatures vanquished

Notes
Turn   | Place    | Note
-------+----------+-------------------------------------------
     0 | D:1      | MisterFreud the Felid Artificer began the quest for the
                  | Orb.
     0 | D:1      | Reached XP level 1. HP: 9/9 MP: 4/4
    39 | D:1      | Found a shattered altar of Ashenzari.
   400 | D:1      | Reached XP level 2. HP: 13/13 MP: 5/5
  1724 | D:1      | Reached XP level 3. HP: 9/17 MP: 6/6
  3418 | D:3      | Noticed an orc warrior
  3437 | D:3      | Reached XP level 4. HP: 22/22 MP: 7/7
  3778 | D:3      | Noticed Jessica
  3782 | D:3      | Killed Jessica
  3782 | D:3      | Reached skill level 3 in Dodging
  3900 | D:3      | Noticed Natasha
  3908 | D:3      | Killed Natasha
  3908 | D:3      | Reached XP level 5. HP: 25/25 MP: 8/8
  4865 | D:2      | Slain by a worker ant
  4866 | D:2      | Reached XP level 4. HP: -2/22 MP: 7/7
  4904 | D:2      | Reached skill level 4 in Dodging
  4904 | D:2      | Reached XP level 5. HP: 25/25 MP: 8/8
  5164 | D:2      | Found an ornate altar of the Wu Jian Council.
  5917 | D:3      | Noticed Natasha
  5977 | D:3      | Killed an orc warrior
  5977 | D:3      | Gained mutation: You are covered in thick fur. (AC +2)
                  | [Felid growth]
  5977 | D:3      | Reached XP level 6. HP: 17/29 MP: 9/9
  5988 | D:3      | Killed Natasha
  6229 | D:3      | Noticed Natasha
  6502 | D:3      | Killed Natasha
  6951 | D:4      | Reached skill level 5 in Dodging
  6951 | D:4      | Killed themself with a badly aimed fireball

Levels and vault maps discovered:
D:1:      minmay_arrival_solitary_statue, layout_basic, ashenzari_altar_1
D:2:      layout_rooms, marbit_many_paths
D:3:      layout_loops_corners, first_ration, minmay_misc_feat_room,
          uniq_natasha, uniq_jessica
D:4:      layout_basic, zin_treasury, old_standard_altar

Skill      XL: |  1  2  3  4  5  6 |
---------------+-------------------+-----
Fighting       | 2 3 4 |  4.9
Dodging        | 4 5 |  5.0
Stealth        | 2 3 4 |  4.2
Unarmed Combat | 3 |  3.7
Evocations     | |  3.2

Action                   |  1- 3 |  4- 6 || total
-------------------------+-------+-------++-------
Melee: Unarmed           |   185 |   236 ||   421
       Bite              |    14 |    18 ||    32
       Punch             |       |     1 ||     1
Evoke: Wand              |     8 |    21 ||    29
  Use: Scroll            |     3 |     6 ||     9
       Potion            |       |     5 ||     5
 Stab: Sleeping          |     8 |     7 ||    15
       Invisible         |       |     2 ||     2
       Paralysed         |       |     1 ||     1
  Eat: Chunk             |    12 |    11 ||    23
Armor: Skin              |    12 |     3 ||    15
Dodge: Dodged            |   178 |   203 ||   381

Table legend:
 A = Non-vault XP
 B = Vault XP
 C = Vault XP percentage of total XP
 D = Non-vault monster count
 E = Vault monster count
 F = Vault count percentage of total count
                 A         B        C        D         E       F
            +---------+---------+-------+---------+---------+-------
      Total |     720 |      77 |   9.7 |     101 |       3 |   2.9
            +---------+---------+-------+---------+---------+-------
        D:1 |      39 |       0 |   0.0 |      24 |       0 |   0.0
        D:2 |      89 |       5 |   5.3 |      26 |       1 |   3.7
        D:3 |     466 |      72 |  13.4 |      45 |       2 |   4.3
        D:4 |     126 |       0 |   0.0 |       6 |       0 |   0.0
            +---------+---------+-------+---------+---------+-------
